 Dungeon Crawl Stone Soup version 0.17-a0-1020-ge683cc4 (webtiles) character file.

562 PhynixH2O the Poker (level 7, -1/53 HPs)
             Began as a Demonspawn Abyssal Knight on May 14, 2015.
             Was a Believer of Lugonu.
             Slain by a sky beast (4 damage)
             ... on level 5 of the Dungeon.
             The game lasted 00:26:32 (4687 turns).

PhynixH2O the Poker (Demonspawn Abyssal Knight)     Turns: 4687, Time: 00:26:32

Health: -1/53      AC: 10    Str: 14    XL:     7   Next: 10%
Magic:  0/9        EV:  6    Int: 14    God:    Lugonu [**....]
Gold:   163        SH:  2    Dex: 12    Spells: 0 memorised, 9 levels left

rFire  . . .     SeeInvis .     a - +1 spear
rCold  . . .     Clarity  .     h - +0 chain mail
rNeg   . . .     SustAb   .     (no shield)
rPois  .         Gourm    .     (no helmet)
rElec  .         Spirit   +     (no cloak)
rCorr  .         Warding  .     (no gloves)
rMut   .         Stasis   .     (no boots)
MR     .....                    e - amulet of regeneration
Stlth  ..........               (no ring)
                                (no ring)

@: about to teleport, not resistant to hostile enchantments, extremely
unstealthy
A: large bone plates 1, powered by pain 1, magic shield
a: Depart the Abyss, Bend Space, Renounce Religion


You were on level 5 of the Dungeon.
You worshipped Lugonu.
Lugonu was pleased with you.
You were not hungry.

You visited 2 branches of the dungeon, and saw 6 of its levels.
You visited the Abyss 1 time.

You collected 163 gold pieces.

Inventory:

Hand weapons
 a - a +1 spear (weapon)
Armour
 h - a +0 chain mail (worn)
Jewellery
 e - an amulet of regeneration (around neck)
 l - an uncursed ring of teleportation
Magical devices
 k - a wand of polymorph (4)
Scrolls
 d - 2 scrolls of identify
 p - a scroll of enchant armour {unknown}
 q - a scroll of magic mapping {unknown}
Potions
 g - a potion of ambrosia {unknown}
 i - a potion of flight
 j - 2 potions of cancellation
 n - a potion of poison {unknown}
 s - a potion of lignification
Comestibles
 c - a bread ration
 f - a slice of pizza
 m - 3 meat rations
 o - 7 chunks of flesh


   Skills:
 + Level 3.7 Fighting
 - Level 5.7 Polearms
 + Level 2.6 Armour
 + Level 2.0 Dodging
 * Level 1.8 Spellcasting
 - Level 2.5 Invocations


You had 9 spell levels left.
You didn't know any spells.

Dungeon Overview and Level Annotations

Branches:
Dungeon (5/15)             Temple (1/1) D:4

Altars:
Cheibriados
Elyvilon
Fedhas
Kikubaaqudgha
Makhleb
Nemelex Xobeh
Ru
Sif Muna
Vehumet
Yredelemnul
Zin

Annotations:
D:4 Sonntagskind's ghost, experienced FoFi


Innate Abilities, Weirdness & Mutations

You are partially covered in large bone plates (AC +2, SH +2).
You sometimes gain a little power by taking damage.
When hurt, damage is shared between your health and your magic reserves.


Message History

Deactivating autopickup; reactivate with Ctrl-A.
Something hits you but does no damage.
You closely miss something. Something hits you but does no damage.
You miss something. Something hits you but does no damage.
You closely miss something. Something hits you. Something shocks you.
You barely miss something. You closely miss something. Something hits you.
Something shocks you.
You hit something. Something hits you but does no damage.
You miss something. Something hits you. Something shocks you.
* * * LOW HITPOINT WARNING * * *
Something hits you.
* * * LOW HITPOINT WARNING * * *
Something shocks you.
* * * LOW HITPOINT WARNING * * *
Read which item? (? for menu, Esc to quit)
As you read the scroll of teleportation, it crumbles to dust.
You feel strangely unstable. Something hits you.
* * * LOW HITPOINT WARNING * * *
Something shocks you.
You die...

###### .##.####....#
#..# .......@....#
#... .##.####....#
#..## ####....# #...
.......≈# #..#
####....# #..###.
####.#.######......
....................
#####.#.............
#.#.######.####.


There were no monsters in sight!

Vanquished Creatures
  A phantom (D:4)
  An orc priest (D:3)
  4 orc wizards (D:3)
  A worker ant (D:5)
  Natasha (thrice) (D:3)
  A hound skeleton (D:4)
  5 adders
  An ooze (D:3)
  2 adder skeletons
  2 worms
  3 giant geckos
  13 orcs
  A ball python (D:1)
  7 bats
  3 giant cockroaches
  4 hobgoblins (D:3)
  12 jackals
  7 giant newts
  7 goblins
  A jackal zombie (D:5)
  8 kobolds
  9 rats
96 creatures vanquished.

Vanquished Creatures (others)
  2 ogres (D:5)
  An orc wizard (D:4)
  A worker ant (D:4)
4 creatures vanquished.

Grand Total: 100 creatures vanquished

Notes
Turn   | Place    | Note
--------------------------------------------------------------
     0 | Abyss:1  | PhynixH2O the Demonspawn Abyssal Knight began the quest for the Orb.
     0 | Abyss:1  | Reached XP level 1. HP: 18/18 MP: 2/2
    36 | D:1      | Escaped the Abyss
   366 | D:1      | Reached skill level 1 in Dodging
   452 | D:1      | Gained mutation: You sometimes gain a little power by taking damage. [demonic ancestry]
   452 | D:1      | Reached XP level 2. HP: 22/24 MP: 3/3
   873 | D:2      | Acquired Lugonu's second power
   897 | D:1      | Reached XP level 3. HP: 8/29 MP: 2/4
  1590 | D:2      | Reached skill level 1 in Spellcasting
  1800 | D:3      | Reached XP level 4. HP: 35/35 MP: 5/5
  2109 | D:3      | Gained mutation: You are partially covered in large bone plates (AC +2, SH +2). [demonic ancestry]
  2109 | D:3      | Reached XP level 5. HP: 37/41 MP: 7/7
  2122 | D:3      | Acquired Lugonu's third power
  2133 | D:3      | Found a burning altar of Makhleb.
  2139 | D:3      | Noticed an Executioner
  2257 | D:3      | Found a glowing silver altar of Zin.
  2548 | D:3      | Noticed Natasha
  2641 | D:3      | Reached skill level 4 in Polearms
  2913 | D:3      | Noticed an angel
  3066 | D:3      | Killed Natasha
  3507 | D:4      | Reached XP level 6. HP: 47/47 MP: 8/8
  3692 | D:4      | Noticed Sonntagskind's ghost (experienced FoFi)
  3793 | D:3      | Noticed Natasha
  3807 | D:3      | Killed Natasha
  3926 | D:3      | Noticed Natasha
  3933 | D:3      | Killed Natasha
  3967 | D:4      | Reached skill level 5 in Polearms
  4012 | D:4      | Found a staircase to the Ecumenical Temple.
  4021 | Temple   | Entered the Ecumenical Temple
  4041 | D:4      | Noticed a phantom
  4227 | D:4      | Killed a phantom
  4297 | D:5      | Entered Level 5 of the Dungeon
  4547 | D:5      | Gained mutation: When hurt, damage is shared between your health and your magic reserves. [demonic ancestry]
  4547 | D:5      | Reached XP level 7. HP: 52/52 MP: 4/9
  4549 | D:5      | Found a blossoming altar of Fedhas.
  4687 | D:5      | Slain by a sky beast

Vault maps used:
D:1:      saegor_arrival_simple_d
D:2:      first_bread
D:3:      grunt_temple_overflow_order_and_chaos_2, serial_co_window_serial,
          co_window_corner_a, co_window_paths_a, co_window_of_opportunity_a,
          co_window_corner_a, co_window_corner_a, co_window_paths_c,
          co_window_corner_cb, co_window_of_opportunity_b, glass_columns_b,
          glass_columns_b, glass_columns_c, uniq_natasha
D:4:      xom_teletrap_fun, temple_doors_e
D:5:      overflow_temple_1_default, hangedman_minor_gate_pass
Temple:   nicolae_temple_x_marks_the_god

Action                   |  1- 3 |  4- 6 |  7- 9 || total
-------------------------+-------+-------+-------++-------
Melee: Spear             |   174 |   357 |    72 ||   603
       Glaive            |       |    20 |       ||    20
       Unarmed           |       |    13 |       ||    13
Invok: Bend Space        |     1 |       |       ||     1
       Banish            |       |     8 |     1 ||     9
  Use: Scroll            |       |     7 |     1 ||     8
       Potion            |       |     4 |       ||     4
  Eat: Chunk             |     3 |    11 |       ||    14
       Bread ration      |       |     1 |       ||     1
